 Dungeon Crawl Stone Soup version 0.26.0-10-g1f06aea511 (webtiles) character file.

Game seed: 6550939031792600659

149 MajorAdolf the Skirmisher (level 5, -1/49 HPs)
             Began as a Naga Wanderer on Jan 16, 2021.
             Was an Initiate of Ashenzari.
             Slain by a centaur (8 damage)
             ... on level 4 of the Dungeon.
             The game lasted 00:05:29 (5540 turns).

MajorAdolf the Skirmisher (Naga Wanderer)           Turns: 5540, Time: 00:05:29

Health: -1/49      AC:  2    Str: 13    XL:     5   Next: 31%
Magic:  7/7        EV: 10    Int: 15    God:    Ashenzari [......]
Gold:   235        SH:  0    Dex: 10    Spells: 3/7 levels left

rFire    . . .     SeeInvis +   a - +2 hand axe (curse)
rCold    . . .     Faith    .   (no shield)
rNeg     . . .     Spirit   .   e - +0 robe (curse)
rPois    +         Reflect  .   (no helmet)
rElec    .         Harm     .   (no cloak)
rCorr    .         Rampage  .   (no gloves)
Will     .....                  (no barding)
Stlth    +.........             (no amulet)
HPRegen  0.16/turn              (no ring)
MPRegen  0.10/turn              (no ring)

@: very slow
A: large, see invisible, deformed body, poison resistance, slowness 2, spit
poison 1, AC +1
a: Spit Poison, Renounce Religion, Curse Item


You were on level 4 of the Dungeon.
You worshipped Ashenzari.
Ashenzari was noncommittal.
You visited 1 branch of the dungeon, and saw 4 of its levels.

You collected 235 gold pieces.

Inventory:

Hand Weapons
 a - a cursed +2 hand axe (weapon)
 b - a +0 hand crossbow
Missiles
 g - 15 poisoned darts
 v - 16 bolts
Armour
 e - a cursed +0 robe (worn)
Scrolls
 d - a scroll of random uselessness {unknown}
 f - 2 scrolls of identify
 i - 2 scrolls of enchant weapon {unknown}
 l - 2 scrolls of remove curse
 o - 2 scrolls of fear {unknown}
 p - a scroll of magic mapping {unknown}
 q - a scroll of noise {unknown}
 r - 2 scrolls of amnesia {unknown}
 s - a scroll of fog {unknown}
 t - 3 scrolls of teleportation {unknown}
Potions
 c - a potion of haste
 h - a potion of cancellation {unknown}
 j - a potion of lignification {unknown}
 k - a potion of brilliance {unknown}
 m - a potion of flight {unknown}
 n - 2 potions of curing {unknown}
 u - a potion of resistance
 w - a potion of mutation {unknown}
 x - a potion of degeneration {unknown}
 z - a potion of invisibility {unknown}


   Skills:
 + Level 3.1 Fighting
 * Level 2.6 Axes
 - Level 1.0 Throwing
 - Level 1.5 Armour
 - Level 1.5 Dodging
 + Level 1.8 Spellcasting
 + Level 1.9 Translocations
 - Level 1.0 Air Magic
 - Level 1.0 Evocations


You had 3 spell levels left.
You knew the following spells:

 Your Spells              Type           Power        Failure   Level
a - Apportation           Tloc           14%          11%         1
b - Teleport Other        Tloc           7%           30%         3

Your spell library contained the following spells:

 Spells                   Type           Power        Failure   Level


Dungeon Overview and Level Annotations

Branches:
Dungeon (4/15)
 Temple: D:4-7

Altars:
Ashenzari
Uskayaw


Innate Abilities, Weirdness & Mutations

You cannot wear boots.
Your serpentine skin is tough. (AC +1)
You have supernaturally acute eyesight. (SInv)
Armour fits poorly on your strangely shaped body.
Your system is resistant to poisons. (rPois)
You cover ground very slowly.
You can spit poison.


Message History

Aim: a centaur, quivering 15 arrows (heavily wounded)
The splash of poison misses the centaur.
The centaur hits you. The centaur barely misses you.
Unknown command.
Okay, then.
Okay, then.
Okay, then.
You hit the centaur.
The centaur is severely wounded.
The centaur hits you!
* * * LOW HITPOINT WARNING * * *
The centaur closely misses you.
Unknown command.
Okay, then.
As you read the scroll labelled GOEPY ZAOJ BUS, it crumbles to dust.
It is a scroll of identify.
c - a potion of haste You have got your breath back.
The centaur hits you!
You die...

#.## #.......#..#
#.######.....###..#
...............#..#
#########..###.#.)#
...........# #.#..#
##########<# #.#..#
#############.#..#
#................#
#.###########.#@##
#..[..........#c...:..[
#.###########.#########
### ###


You could see a centaur.

Vanquished Creatures
  A centaur skeleton (D:4)
  4 adders
  An ooze (D:2)
  6 worms
  2 leopard geckos
  6 giant cockroaches
  5 goblins
  9 hobgoblins
  3 jackals (D:2)
  4 bats
  5 frilled lizards
  9 kobolds
  10 rats
65 creatures vanquished.

Notes
Turn   | Place    | Note
-------+----------+-------------------------------------------
     0 | D:1      | MajorAdolf the Naga Wanderer began the quest for the Orb.
     0 | D:1      | MajorAdolf set off with the following items: a +2 hand axe,
                  | a +0 hand crossbow, 21 bolts, a +0 robe; and the following
                  | spell memorised: Apportation; and the following spells
                  | available to memorise: Teleport Other
     0 | D:1      | Reached XP level 1. HP: 19/19 MP: 2/2
     3 | D:1      | Noticed an electric eel
     3 | D:1      | Noticed an electric eel
   202 | D:1      | Reached XP level 2. HP: 6/26 MP: 3/3
   753 | D:1      | Reached skill level 1 in Dodging
   967 | D:1      | Reached XP level 3. HP: 30/33 MP: 4/4
  1238 | D:1      | Learned a level 3 spell: Teleport Other
  1885 | D:2      | Found a broken altar of Ashenzari.
  2253 | D:2      | Reached XP level 4. HP: 37/40 MP: 5/5
  3398 | D:2      | Became a worshipper of Ashenzari the Shackled
  5223 | D:3      | Reached skill level 3 in Fighting
  5223 | D:3      | Reached XP level 5. HP: 44/49 MP: 7/7
  5282 | D:4      | Found a hide-covered altar of Uskayaw.
  5283 | D:4      | Noticed a +0 dagger
  5283 | D:4      | Noticed a +0 hand axe
  5529 | D:4      | Noticed a centaur
  5540 | D:4      | Slain by a centaur

Illustrated notes

Levels and vault maps discovered:
D:1:      arrival_aquarium_b, layout_basic
D:2:      layout_basic, nicolae_ashenzari_panopticon
D:3:      layout_basic, st_stairs_13
D:4:      mumra_celtic_spiral_tile, layout_basic, dancing_weapons_uskayaw,
          general_overflow_altar, okawaru_altar_gauntlet_db, uniq_robin,
          uniq_sigmund

Skill      XL: |  1  2  3  4 |
---------------+-------------+-----
Dodging        | 1 |  1.5
Axes           | 2 |  2.6
Fighting       | 3 |  3.1
Throwing       | |  1.0
Armour         | |  1.5
Spellcasting   | |  1.8
Translocations | |  1.9
Air Magic      | |  1.0
Evocations     | |  1.0

Action                   |  1- 3 |  4- 6 || total
-------------------------+-------+-------++-------
Melee: Hand axe          |   122 |   106 ||   228
 Cast: Apportation       |       |     1 ||     1
Invok: Curse Item        |       |     2 ||     2
 Abil: Spit Poison       |     4 |     2 ||     6
  Use: Scroll            |       |     1 ||     1
 Stab: Sleeping          |     1 |     1 ||     2
Armor: Robe              |    12 |    10 ||    22
       Ring mail         |    31 |    12 ||    43
Dodge: Dodged            |    54 |    69 ||   123
